| TOP OF THE 1ST |
|
Los Angeles Dodgers batting - Pitching for San Diego Padres : LHP Matt Wheeler
|
|
Pitching: LHP Matt Wheeler
|
|
|
Batting: SHB Joel Baker
|
0-0: Foul Ball, location: 2F 0-1: SINGLE (Groundball, 4S, EV 72.5 MPH) (infield hit)
|
|
Batting: RHB Clay Buchanan
|
0-0: Called Strike 0-1: SINGLE (Groundball, 25, EV 71.2 MPH) (infield hit) Joel Baker to second
|
|
Batting: LHB Lirak Bazhunaishvili
|
0-0: Called Strike 0-1: Swinging Strike 0-2: Ball 1-2: Foul Ball, location: 2F 1-2: SINGLE (Line Drive, 9S, EV 95.0 MPH) Joel Baker to third Clay Buchanan to second
|
|
Batting: RHB Tsutomu Irie
|
0-0: Called Strike 0-1: Ball 1-1: Swinging Strike 1-2: Fly out, F8 (Flyball, 8RXD, EV 101.9 MPH) Runner from 3rd tags up, SCORES, no throw by CF
|
|
Batting: RHB Ben Mischnick
|
0-0: Called Strike 0-1: Ball 1-1: Swinging Strike 1-2: Ball 2-2: SINGLE (Line Drive, 9S, EV 110.6 MPH) Clay Buchanan to third Lirak Bazhunaishvili to second
|
|
Batting: LHB Bob Branham
|
0-0: Ball 1-0: Ball 2-0: Grounds into double play, 5-2-3 (Groundball, 15, EV 83.1 MPH)
|
| Top of the 1st over - 1 run, 4 hits, 0 errors, 2 left on base; Los Angeles 1 - San Diego 0 |
| BOTTOM OF THE 1ST |
|
San Diego Padres batting - Pitching for Los Angeles Dodgers : RHP Ray Scifo
|
|
Pitching: RHP Ray Scifo
|
|
|
Batting: LHB Per Meulengracht
|
0-0: Ball 1-0: Ball 2-0: SINGLE (Line Drive, 9LS, EV 95.0 MPH)
|
|
Batting: RHB Bobby Ayala
|
0-0: Ball 1-0: Ball 2-0: Ball 3-0: Called Strike 3-1: Base on Balls Per Meulengracht to second
|
|
Batting: LHB Mike Holt
|
0-0: Called Strike 0-1: SINGLE (Groundball, 4M, EV 84.4 MPH) (infield hit) Per Meulengracht to third Bobby Ayala to second
|
|
Batting: LHB Aaron LeBlanc
|
0-0: Ball 1-0: Ball 2-0: Swinging Strike 2-1: Fly out, F7 (Line Drive, 7, EV 95.6 MPH) Runner from 3rd tags up, OUT at HOME! 7-2 Bobby Ayala to third Mike Holt to second
|
|
Batting: LHB Andy Bowman
|
0-0: Called Strike 0-1: Called Strike 0-2: Foul Ball, location: 2F 0-2: Ball 1-2: Ground out 4-3 (Groundball, 4, EV 88.1 MPH)
|
| Bottom of the 1st over - 0 runs, 2 hits, 0 errors, 2 left on base; Los Angeles 1 - San Diego 0 |
| TOP OF THE 2ND |
|
Los Angeles Dodgers batting - Pitching for San Diego Padres : LHP Matt Wheeler
|
|
Batting: LHB Dalton Silveira
|
0-0: Ball 1-0: Swinging Strike 1-1: Swinging Strike 1-2: Foul Ball, location: 2F 1-2: Ball 2-2: Strikes out swinging
|
|
Batting: LHB Ryan Taylor
|
0-0: Called Strike 0-1: Fly out, F7 (Flyball, 7LM, EV 85.0 MPH)
|
|
Batting: RHB Edwin Soto
|
0-0: Fly out, F3 (Popup, 3, EV 74.4 MPH)
|
| Top of the 2nd over - 0 runs, 0 hits, 0 errors, 0 left on base; Los Angeles 1 - San Diego 0 |
| BOTTOM OF THE 2ND |
|
San Diego Padres batting - Pitching for Los Angeles Dodgers : RHP Ray Scifo
|
|
Batting: RHB Chiel Palstermans
|
0-0: Ball 1-0: Fly out, F8 (Flyball, 8RM, EV 93.8 MPH)
|
|
Batting: RHB Alois Wollf
|
0-0: Called Strike 0-1: Fly out, F7 (Flyball, 78M, EV 95.6 MPH)
|
|
Batting: RHB Alberto Cotto
|
0-0: Called Strike 0-1: Called Strike 0-2: Ball 1-2: Foul Ball, location: 2F 1-2: Strikes out looking
|
| Bottom of the 2nd over - 0 runs, 0 hits, 0 errors, 0 left on base; Los Angeles 1 - San Diego 0 |
| TOP OF THE 3RD |
|
Los Angeles Dodgers batting - Pitching for San Diego Padres : LHP Matt Wheeler
|
|
Batting: SHB Joel Baker
|
0-0: SINGLE (Line Drive, 78S, EV 100.6 MPH)
|
|
Batting: RHB Clay Buchanan
|
0-0: Called Strike 0-1: Ball 1-1: Ball 2-1: Ball 3-1: Base on Balls Joel Baker to second
|
|
Batting: LHB Lirak Bazhunaishvili
|
0-0: Called Strike 0-1: Called Strike 0-2: Ball 1-2: Ball 2-2: Strikes out swinging
|
|
Batting: RHB Tsutomu Irie
|
0-0: Called Strike 0-1: Ball Wild Pitch! Joel Baker to third Clay Buchanan to second 1-1: SINGLE (Groundball, 56S, EV 71.2 MPH) (infield hit) Joel Baker scores Clay Buchanan to third
|
|
Pinch Runner at 1st Isaiah Yarbrough:
|
|
|
Batting: RHB Ben Mischnick
|
0-0: Ball 1-0: Fly out, F8 (Flyball, 8RM, EV 87.5 MPH) Runner from 3rd tags up, SCORES, throw by CF
|
|
Batting: LHB Bob Branham
|
0-0: Called Strike 0-1: Ball 1-1: Fly out, F7 (Flyball, 7LM, EV 104.4 MPH)
|
| Top of the 3rd over - 2 runs, 2 hits, 0 errors, 1 left on base; Los Angeles 3 - San Diego 0 |
| BOTTOM OF THE 3RD |
|
San Diego Padres batting - Pitching for Los Angeles Dodgers : RHP Ray Scifo
|
|
Now at 2B: Clay Buchanan
|
|
|
Now in LF: Ryan Taylor
|
|
|
Now in RF: Isaiah Yarbrough
|
|
|
Batting: LHB Joseph Martin
|
0-0: Ball 1-0: Ball 2-0: Ball 3-0: Base on Balls
|
|
Batting: LHB Per Meulengracht
|
0-0: Foul Ball, location: 2F 0-1: Ball 1-1: Fielders Choice at 2nd, 6-4 (Groundball, 6, EV 106.2 MPH)
|
|
Batting: RHB Bobby Ayala
|
0-0: Ball 1-0: Swinging Strike 1-1: Grounds into double play, 6-4-3 (Groundball, 6, EV 108.1 MPH)
|
| Bottom of the 3rd over - 0 runs, 0 hits, 0 errors, 0 left on base; Los Angeles 3 - San Diego 0 |
| TOP OF THE 4TH |
|
Los Angeles Dodgers batting - Pitching for San Diego Padres : LHP Matt Wheeler
|
|
Batting: LHB Dalton Silveira
|
0-0: SINGLE (Groundball, 6M, EV 92.5 MPH) (infield hit)
|
|
Batting: LHB Ryan Taylor
|
0-0: Called Strike 0-1: Called Strike 0-2: Ball 1-2: Ball 2-2: Ball 3-2: Foul Ball, location: 2F 3-2: Strikes out swinging
|
|
Batting: RHB Edwin Soto
|
0-0: Fly out, F8 (Line Drive, 8LM, EV 97.5 MPH)
|
|
Batting: SHB Joel Baker
|
0-0: Ball 1-0: Called Strike 1-1: Ball 2-1: Swinging Strike 2-2: Strikes out looking
|
| Top of the 4th over - 0 runs, 1 hit, 0 errors, 1 left on base; Los Angeles 3 - San Diego 0 |
| BOTTOM OF THE 4TH |
|
San Diego Padres batting - Pitching for Los Angeles Dodgers : RHP Ray Scifo
|
|
Batting: LHB Mike Holt
|
0-0: Ball 1-0: Ball 2-0: Ball 3-0: Called Strike 3-1: Ground out 4-3 (Groundball, 4, EV 91.2 MPH)
|
|
Batting: LHB Aaron LeBlanc
|
0-0: SINGLE (Groundball, 56S, EV 64.4 MPH) (infield hit)
|
|
Batting: LHB Andy Bowman
|
0-0: Ball Aaron LeBlanc is caught stealing 2nd base 2-6 1-0: Ball 2-0: Called Strike 2-1: Foul Ball, location: 2F 2-2: Foul Ball, location: 2F 2-2: Foul Ball, location: 2F 2-2: Ball 3-2: Foul Ball, location: 2F 3-2: Base on Balls
|
|
Batting: RHB Chiel Palstermans
|
0-0: Called Strike 0-1: Ball 1-1: Ball Andy Bowman steals 2nd base 2-1: Ball 3-1: Called Strike 3-2: Foul Ball, location: 2F 3-2: Base on Balls
|
|
Batting: RHB Alois Wollf
|
0-0: Called Strike 0-1: Swinging Strike 0-2: Ball 1-2: Reached on error, E4 (Groundball, 4, EV 87.5 MPH) Andy Bowman to third Chiel Palstermans to second
|
|
Batting: RHB Alberto Cotto
|
0-0: SINGLE (Groundball, 34D, EV 100.6 MPH) (infield hit) Andy Bowman scores Chiel Palstermans to third Alois Wollf to second
|
|
Batting: LHB Joseph Martin
|
0-0: Ball 1-0: Called Strike 1-1: Swinging Strike 1-2: Ball Wild Pitch! Chiel Palstermans scores Alois Wollf to third Alberto Cotto to second 2-2: Ball 3-2: Strikes out swinging
|
| Bottom of the 4th over - 2 runs, 2 hits, 1 error, 2 left on base; Los Angeles 3 - San Diego 2 |
| TOP OF THE 5TH |
|
Los Angeles Dodgers batting - Pitching for San Diego Padres : LHP Matt Wheeler
|
|
Batting: RHB Clay Buchanan
|
0-0: Called Strike 0-1: Swinging Strike 0-2: Ball 1-2: Strikes out swinging
|
|
Batting: LHB Lirak Bazhunaishvili
|
0-0: Ball 1-0: Called Strike 1-1: Foul Ball, location: 2F 1-2: Ball 2-2: Ball 3-2: Fly out, F6 (Popup, 6, EV 74.4 MPH)
|
|
Batting: RHB Isaiah Yarbrough
|
0-0: Ground out 3-1 (Groundball, 34, EV 104.4 MPH)
|
| Top of the 5th over - 0 runs, 0 hits, 0 errors, 0 left on base; Los Angeles 3 - San Diego 2 |
| BOTTOM OF THE 5TH |
|
San Diego Padres batting - Pitching for Los Angeles Dodgers : RHP Ray Scifo
|
|
Batting: LHB Per Meulengracht
|
0-0: Swinging Strike 0-1: Ball 1-1: Swinging Strike 1-2: Ball 2-2: Ball 3-2: Base on Balls
|
|
Batting: RHB Bobby Ayala
|
0-0: Ball 1-0: Ball 2-0: Called Strike 2-1: SINGLE (Line Drive, 5D, EV 106.2 MPH) Per Meulengracht to second
|
|
Batting: LHB Mike Holt
|
0-0: Ball 1-0: Called Strike 1-1: Ball 2-1: Ball 3-1: Base on Balls Per Meulengracht to third Bobby Ayala to second
|
|
Batting: LHB Aaron LeBlanc
|
0-0: Ball 1-0: Ball 2-0: Fly out, F5 (Line Drive, 5, EV 70.6 MPH)
|
|
Batting: LHB Andy Bowman
|
0-0: Ball 1-0: Ball 2-0: Called Strike 2-1: Ball 3-1: Fly out, F1 (Line Drive, P, EV 70.0 MPH)
|
|
Batting: RHB Chiel Palstermans
|
0-0: Called Strike 0-1: Fielders Choice at 2nd, 6-4 (Groundball, 6, EV 103.8 MPH)
|
| Bottom of the 5th over - 0 runs, 1 hit, 0 errors, 3 left on base; Los Angeles 3 - San Diego 2 |
| TOP OF THE 6TH |
|
Los Angeles Dodgers batting - Pitching for San Diego Padres : LHP Matt Wheeler
|
|
Batting: RHB Ben Mischnick
|
0-0: Called Strike 0-1: Ball 1-1: Ball 2-1: Foul Ball, location: 2F 2-2: Foul Ball, location: 2F 2-2: Ground out 6-3 (Groundball, P, EV 95.0 MPH)
|
|
Batting: LHB Bob Branham
|
0-0: Ball 1-0: Called Strike 1-1: Foul Ball, location: 2F 1-2: Ball 2-2: Ground out 6-3 (Groundball, 4, EV 83.1 MPH)
|
|
Batting: LHB Dalton Silveira
|
0-0: Foul Ball, location: 2F 0-1: Ball 1-1: Swinging Strike 1-2: Strikes out swinging
|
| Top of the 6th over - 0 runs, 0 hits, 0 errors, 0 left on base; Los Angeles 3 - San Diego 2 |
| BOTTOM OF THE 6TH |
|
San Diego Padres batting - Pitching for Los Angeles Dodgers : RHP Ray Scifo
|
|
Batting: RHB Alois Wollf
|
0-0: SINGLE (Groundball, 56D, EV 103.8 MPH)
|
|
Batting: RHB Alberto Cotto
|
0-0: Ball 1-0: Foul Ball, location: 2F 1-1: Ball 2-1: Ball 3-1: Foul Ball, location: 2F 3-2: Base on Balls Alois Wollf to second
|
|
Pitching: LHP Lance Crumpton
|
|
|
Batting: LHB Joseph Martin
|
0-0: SINGLE (Groundball, 3D, EV 106.9 MPH) Alois Wollf to third Alberto Cotto to second Runner from 3rd tries for Home, SAFE, throw by RF to home
|
|
Pinch Hitting: RHB Carlos Reyes
|
0-0: Swinging Strike 0-1: Called Strike 0-2: Ball 1-2: Fly out, F8 (Line Drive, 8RD, EV 100.6 MPH) Runner from 2nd tags up, SAFE at 3rd with throw by CF
|
|
Batting: RHB Bobby Ayala
|
0-0: Called Strike 0-1: Foul Ball, location: 2F 0-2: Ball 1-2: Grounds into double play, 6-4-3 (Groundball, 6, EV 78.8 MPH)
|
| Bottom of the 6th over - 1 run, 2 hits, 0 errors, 1 left on base; Los Angeles 3 - San Diego 3 |
| TOP OF THE 7TH |
|
Los Angeles Dodgers batting - Pitching for San Diego Padres : LHP Matt Wheeler
|
|
Now in LF: Carlos Reyes
|
|
|
Batting: LHB Ryan Taylor
|
0-0: Ball 1-0: Fly out, F6 (Flyball, 5D, EV 93.8 MPH)
|
|
Batting: RHB Edwin Soto
|
0-0: Ball 1-0: Foul Ball, location: 2F 1-1: Ball 2-1: Swinging Strike 2-2: Ground out 3-1 (Groundball, 34S, EV 79.4 MPH)
|
|
Batting: SHB Joel Baker
|
0-0: Ball 1-0: Called Strike 1-1: Ball 2-1: Ground out 5-3 (Groundball, 5L, EV 87.5 MPH)
|
| Top of the 7th over - 0 runs, 0 hits, 0 errors, 0 left on base; Los Angeles 3 - San Diego 3 |
| BOTTOM OF THE 7TH |
|
San Diego Padres batting - Pitching for Los Angeles Dodgers : LHP Lance Crumpton
|
|
Batting: LHB Mike Holt
|
0-0: Foul Ball, location: 2F 0-1: Ball 1-1: Foul Ball, location: 2F 1-2: Ball 2-2: Strikes out looking
|
|
Batting: LHB Aaron LeBlanc
|
0-0: Ball 1-0: Foul Ball, location: 2F 1-1: Ball 2-1: Fly out, F8 (Flyball, 8LXD, EV 109.4 MPH)
|
|
Batting: LHB Andy Bowman
|
0-0: Called Strike 0-1: DOUBLE (Line Drive, 9LM, EV 104.4 MPH)
|
|
Batting: RHB Chiel Palstermans
|
0-0: Swinging Strike 0-1: Ball 1-1: Ball 2-1: Foul Ball, location: 2F 2-2: Ground out 5-3 (Groundball, 56S, EV 77.5 MPH)
|
| Bottom of the 7th over - 0 runs, 1 hit, 0 errors, 1 left on base; Los Angeles 3 - San Diego 3 |
| TOP OF THE 8TH |
|
Los Angeles Dodgers batting - Pitching for San Diego Padres : LHP Matt Wheeler
|
|
Pitching: RHP Raul Almonte
|
|
|
Batting: RHB Clay Buchanan
|
0-0: Foul Ball, location: 2F 0-1: Ball 1-1: Foul Ball, location: 2F 1-2: SINGLE (Flyball, 6D, EV 93.1 MPH)
|
|
Batting: LHB Lirak Bazhunaishvili
|
0-0: Ball Clay Buchanan steals 2nd base 1-0: Called Strike 1-1: Called Strike 1-2: Strikes out swinging
|
|
Batting: RHB Isaiah Yarbrough
|
0-0: Ball 1-0: Ball 2-0: Called Strike 2-1: Swinging Strike 2-2: Ball 3-2: Strikes out swinging
|
|
Batting: RHB Ben Mischnick
|
0-0: Ball 1-0: Called Strike 1-1: Ball 2-1: Fly out, F9 (Flyball, 89S, EV 85.0 MPH)
|
| Top of the 8th over - 0 runs, 1 hit, 0 errors, 1 left on base; Los Angeles 3 - San Diego 3 |
| BOTTOM OF THE 8TH |
|
San Diego Padres batting - Pitching for Los Angeles Dodgers : LHP Lance Crumpton
|
|
Pitching: LHP Gabe Reyes
|
|
|
Batting: RHB Alois Wollf
|
0-0: Ground out 6-3 (Groundball, 6M, EV 98.8 MPH)
|
|
Batting: RHB Alberto Cotto
|
0-0: Called Strike 0-1: Ball 1-1: Foul Ball, location: 2F 1-2: Ball 2-2: Ground out 4-3 (Groundball, 4, EV 87.5 MPH)
|
|
Batting: LHB Joseph Martin
|
0-0: Called Strike 0-1: Called Strike 0-2: Foul Ball, location: 2F 0-2: Strikes out looking
|
| Bottom of the 8th over - 0 runs, 0 hits, 0 errors, 0 left on base; Los Angeles 3 - San Diego 3 |
| TOP OF THE 9TH |
|
Los Angeles Dodgers batting - Pitching for San Diego Padres : RHP Raul Almonte
|
|
Batting: LHB Bob Branham
|
0-0: Ground out 5-3 (Groundball, 56S, EV 91.9 MPH)
|
|
Batting: LHB Dalton Silveira
|
0-0: Ball 1-0: Fly out, F7 (Flyball, 7S, EV 80.6 MPH)
|
|
Batting: LHB Ryan Taylor
|
0-0: Ball 1-0: Foul Ball, location: 2F 1-1: Ground out 6-3 (Groundball, 6M, EV 93.1 MPH)
|
| Top of the 9th over - 0 runs, 0 hits, 0 errors, 0 left on base; Los Angeles 3 - San Diego 3 |
| BOTTOM OF THE 9TH |
|
San Diego Padres batting - Pitching for Los Angeles Dodgers : LHP Gabe Reyes
|
|
Pitching: RHP Chut-sai Teoh
|
|
|
Pinch Hitting: SHB Jerry Luckwell
|
0-0: SINGLE (Flyball, 7LS, EV 93.1 MPH)
|
|
Batting: RHB Bobby Ayala
|
0-0: Ball 1-0: Called Strike 1-1: Ball 2-1: Ball 3-1: Base on Balls Jerry Luckwell to second
|
|
Batting: LHB Mike Holt
|
0-0: SINGLE (Line Drive, 4MD, EV 101.2 MPH) Jerry Luckwell to third Bobby Ayala to second
|
|
Batting: LHB Aaron LeBlanc
|
0-0: Ball 1-0: Reached on error, E4 (Groundball, 4, EV 84.4 MPH) Jerry Luckwell scores
|
| Bottom of the 9th over - 1 run, 2 hits, 1 error, 0 left on base; Los Angeles 3 - San Diego 4 |
| |
|
Game Over ... San Diego defeats Los Angeles, 4 to 3
|
|
|